Map: Dusty Gorge

Players

Koelsch

  • Race: Terran Terran
  • Spawn Location: 3:00

Arthur

  • Race: Zerg Zerg
  • Spawn Location: 5:00

LOADBLASTER - Winner!

  • Race: Terran Terran
  • League: Grandmaster
  • Spawn Location: 11:00

PureLegacy - Winner!

  • Race: Terran Terran
  • Spawn Location: 9:00

VOD

Have the link to the VOD?

Description

Time

  • Played on: Nov. 30, 2018, 3:49 p.m.
  • Length: 4:27
Show
View Real Time Build Order
Export as new Build Order

Koelsch Terran 

Build Orders:  

Get SALT Encoding   

  12  0:00  SCV  
  13  0:13  SCV  
  14  0:18  Supply Depot  
  14  0:25  SCV  
  15  0:40  SCV  
  15  0:41  Barracks  
  16  0:45  Refinery  
  16  0:52  SCV  
  17  1:02  Barracks  
  17  1:05  SCV  
  18  1:17  SCV  
  19  1:30  Reaper  
  19  1:31  Orbital Command  
  20  1:44  Barracks  
  20  1:49  Reaper  
  21  1:55  Refinery  
  21  2:02  Supply Depot  
  21  2:05  Reaper  
  22  2:23  Reaper  
  23  2:32  SCV  
  24  2:38  Reaper  
  24  2:44  Supply Depot, SCV  
  26  2:45  Reaper  
  27  2:56  SCV  
  28  3:01  Command Center  
  28  3:04  Reaper  
  29  3:08  SCV  
  29  3:12  Reaper  
  31  3:20  SCV  
  31  3:24  Reaper  
  33  3:33  SCV  
  33  3:34  Barracks  
  34  3:36  Reaper  
  35  3:41  Barracks  
  35  3:47  Engineering Bay  
  35  3:49  Supply Depot  
  32  4:02  SCV  
Show
View Real Time Build Order
Export as new Build Order

Arthur Zerg 

Build Orders: Hatch First 

Get SALT Encoding   

  12  0:00  Drone  
  13  0:08  Drone  
  14  0:17  Overlord  
  14  0:24  Drone, Extractor  
  15  0:35  Drone  
  15  0:36  Drone  
  17  0:54  Hatchery  
  17  0:57  Drone  
  17  1:00  Drone  
  18  1:05  Drone, Extractor  
  18  1:19  Spawning Pool  
  18  1:22  Drone  
  18  1:29  Drone  
  19  1:38  Overlord  
  19  1:48  Drone  
  20  2:07  Metabolic Boost, Queen x2  
  24  2:09  Zergling x2  
  24  2:11  Zergling x2  
  26  2:16  Drone  
  26  2:21  Drone x2  
  29  2:28  Drone  
  30  2:42  Queen x2  
  34  2:49  Drone  
  35  3:00  Overlord  
  35  3:02  Hatchery  
  34  3:07  Drone  
  34  3:08  Drone  
  36  3:20  Drone x2  
  36  3:21  Drone x2, Extractor  
  36  3:22  Drone  
  36  3:23  Drone x2  
  42  3:27  Overlord  
  42  3:39  Spore Crawler x2  
  42  3:40  Drone  
  40  3:55  Drone  
  40  3:56  Roach Warren, Zergling x4  
  41  4:08  Zergling x6  
  41  4:09  Zergling x4  
Show
View Real Time Build Order
Export as new Build Order

LOADBLASTER Terran - Winner!

Build Orders: Liberator Opening 

Get SALT Encoding   

  12  0:00  SCV  
  13  0:13  SCV  
  14  0:18  Supply Depot  
  14  0:25  SCV  
  15  0:29  Refinery  
  15  0:40  SCV  
  16  0:47  Barracks  
  16  0:52  SCV  
  17  1:04  SCV  
  18  1:16  SCV  
  19  1:20  Refinery  
  19  1:33  Marine  
  19  1:35  Factory  
  19  1:36  Orbital Command  
  20  1:50  Supply Depot  
  20  1:52  Barracks Reactor  
  20  2:03  SCV  
  20  2:15  SCV  
  21  2:25  Command Center  
  21  2:31  Starport  
  21  2:34  Hellion  
  23  2:41  Hellion  
  23  2:44  SCV  
  25  2:46  Barracks Tech Lab  
  25  2:53  Supply Depot  
  25  2:57  Hellion  
  27  3:01  SCV  
  28  3:07  Hellion  
  30  3:13  Liberator, SCV  
  30  3:19  Hellion  
  33  3:25  SCV  
  34  3:33  Supply Depot  
  37  3:36  Hellion  
  39  3:44  Orbital Command  
  39  3:47  SCV  
  40  3:59  SCV  
  41  4:04  Hellion  
  41  4:09  Armory  
  43  4:11  SCV  
  43  4:15  SCV  
Show
View Real Time Build Order
Export as new Build Order

PureLegacy Terran - Winner!

Build Orders:  

Get SALT Encoding   

  12  0:01  SCV  
  13  0:13  SCV  
  14  0:18  Supply Depot  
  14  0:25  SCV  
  15  0:30  Refinery  
  15  0:39  SCV  
  16  0:46  Barracks  
  16  0:51  SCV  
  17  1:05  Barracks  
  17  1:22  Barracks  
  17  1:29  SCV  
  18  1:34  Reaper  
  19  1:41  Orbital Command  
  19  1:51  Refinery  
  19  1:53  Reaper  
  20  2:06  Reaper  
  21  2:09  Supply Depot  
  21  2:10  SCV  
  21  2:13  Reaper  
  23  2:31  Reaper  
  23  2:34  Supply Depot, SCV  
  25  2:38  Reaper  
  26  2:46  SCV  
  26  2:47  Reaper  
  28  2:58  SCV  
  29  3:03  Reaper  
  30  3:10  Reaper, SCV  
  32  3:15  Command Center  
  32  3:19  Reaper  
  33  3:22  SCV  
  34  3:30  Supply Depot  
  34  3:37  Reaper  
  35  3:42  Reaper  
  35  3:46  SCV  
  35  3:47  Barracks  
  37  4:02  Barracks  
  37  4:04  Engineering Bay  
Tags
 
Add a new tag
Caveats
  • Supply blocks, unpowered buildings, or Contaminate may cause inaccurate times.
  • Supply counts are checked every 10 seconds.